 Dungeon Sprint DCSS version 0.29-a0-857-g9b1aa3ac5b (webtiles) character file.

Game seed: 7424659726989820603

8824 manyhoops the Wrestler (level 11, -6/124 HPs)
             Began as a Troll Berserker on July 17, 2022.
             Was the Champion of Trog.
             Succumbed to poison (dark miasma)
             ... in the Dungeon (Sprint II: "The Violet Keep of Menkaure").
             The game lasted 00:04:44 (666 turns).

manyhoops the Wrestler (Troll Berserker)             Turns: 666, Time: 00:04:45

Health: -6/124     AC:  6    Str: 35    XL:     11   Next: 15%
Magic:  0/10       EV: 10    Int:  1    God:    Trog [******]
Gold:   138        SH:  0    Dex:  9    Spells: 10/10 levels left

rFire   . . .      SeeInvis .     - Unarmed
rCold   . . .      Faith    .   (no shield)
rNeg    . . .      Spirit   +   a - +0 animal skin
rPois   .          Reflect  .   i - +2 hat of the Bear Spirit {Spirit, *Rage Will++}
rElec   .          Harm     .   (no cloak)
rCorr   .          Rampage  .   (gloves unavailable)
Will    ++...      Rage     23% (boots unavailable)
Stlth   +......... NoTele   +   (no amulet)
HPRegen 1.90/turn               m - +6 ring of strength
MPRegen 0.12/turn               (no ring)

@: lethally poisoned (-6 -> -29), on berserk cooldown, slowed, very slow
A: large, unfitting armour, claws 3, regeneration 2, shaggy fur 1, tough skin 1,
berserk 1, deterioration 1, dopey 1, weak 1, subdued magic 1
a: Renounce Religion, Berserk, Trog's Hand, Brothers in Arms


You were in the Dungeon.
You worshipped Trog.
Trog was exalted by your worship.
You visited 1 branch You collected 1646 gold pieces.
You spent 1508 gold pieces at shops.

Inventory:

Armour
 a - a +0 animal skin (worn)
 i - the +2 hat of the Bear Spirit (worn) {Spirit, *Rage Will++}
   (You bought it in a shop in the Dungeon)

   Going berserk makes the wearer tougher, and they're slowed less afterward.
   *Rage:     It berserks you when you make melee attacks (+20% chance).
   Will:      It greatly increases your willpower.
 k - a +0 cloak
Jewellery
 m - a +6 ring of strength (left claw)
 u - a ring of fire
 x - an amulet of faith
Scrolls
 g - 2 scrolls of blinking
 j - 2 scrolls of enchant weapon
 q - a scroll of vulnerability
 t - a scroll of poison {unknown}
 w - a scroll of enchant armour {unknown}
 y - a scroll of amnesia {unknown}
Potions
 b - 4 potions of curing
 c - 2 potions of heal wounds
 d - 3 potions of haste
 e - 7 potions of magic
 f - 2 potions of berserk rage
 h - 3 potions of might
 l - a potion of ambrosia {unknown}
 n - 6 potions of flight
 o - a potion of degeneration {unknown}
 p - a potion of attraction {unknown}
 r - a potion of brilliance {unknown}
 s - 3 potions of resistance {unknown}
 v - a potion of mutation {unknown}
 z - a potion of cancellation {unknown}


   Skills:
 + Level 12.5 Fighting
 - Level 2.4 Dodging
 + Level 22.7 Unarmed Combat


You had 10 spell levels left.
You didn't know any spells.
Your spell library was empty.

Dungeon Overview and Level Annotations

Branches:
Dungeon (1/1)

Altars:
Cheibriados
Dithmenos
Elyvilon
Fedhas
Gozag
Hepliaklqana
Kikubaaqudgha
Makhleb
Nemelex Xobeh
Okawaru
Qazlal
Ru
Sif Muna
Trog
Uskayaw
Vehumet
Wu Jian
Xom
Yredelemnul
Zin
The Shining One
Jiyva
Lugonu

Shops:
D [:[?([[(=!=[!:!

Annotations:
D exclusions: ice statue and oklob plant


Innate Abilities, Weirdness & Mutations

You are too large for most types of armour.
You have claws for hands.
You heal very quickly.
You are covered in fur. (AC +1)
You have tough skin. (AC +1)
You sometimes lose your temper in combat.
Your body sometimes deteriorates upon taking damage.
You are dopey. (Int -2)
You are weak. (Str -2)
Your spells are a little easier to cast, but a little less powerful.


Message History

The flying skull is severely damaged.
The flying skull hits you!
You eviscerate the flying skull!!!
You destroy the flying skull!
Trog accepts your kill.
There is an open door, spattered with blood here.
You see here a +4 rapier.
You enter the shallow water.
Moving in this stuff is going to be slow.
You feel the effects of Trog's Hand fading.
Really walk into a travel-excluded area?
Okay, then.
Okay, then.
Really walk into a travel-excluded area?
Your skin stops crawling.
You feel less strong-willed.
There is an open gate here.
You are engulfed in dark miasma.
You are poisoned.
You feel yourself speed up.
You feel very sick.
You are engulfed in dark miasma.
You are more poisoned.
You feel yourself slow down.
You feel extremely sick.
You are engulfed in dark miasma.
You are more poisoned.
You feel extremely sick.
You open the door.
An ice statue comes into view.
You are engulfed in dark miasma.
You are more poisoned.
You feel extremely sick. The ice statue gestures at you.
The freezing blast engulfs you!!
* * * LOW HITPOINT WARNING * * *
The ice statue gestures at you. The shard of ice hits you!!
* * * LOW HITPOINT WARNING * * *
Marking area around an ice statue as unsafe for travelling.
You die...

##!hF######≈≈####...####≈≈....
#!.F#G?+^##≈≈≈#..#..#≈≈≈≈≈≈§.
#∩P(+$(#+*#)#≈##.#.##≈≈≈≈≈≈≈≈
#!.$#)##≈##)#≈≈##+##≈≈≈§§≈≈≈≈
#![.###°≈≈####≈≈≈≈≈≈≈≈≈≈≈≈§≈≈
##+###○°°≈≈*,#'''#+++#≈§≈§§≈§
*,,,*#°°°○≈*##☼○°○°°○##§≈≈###
**+**#○○○○°##○☼☼○°°°°.##§≈#,#
*,,,*+☼§8○°☼@☼°○°°○○○.°+≈≈#+#
**+**#☼○°°○##○°°☼°○°..##≈≈§≈≈
*,,,*#○°☼○≈*##○○..○°.##***##*
**+**#°○○≈≈*∩####+####,≈,,≈≈,
*,,,*##°≈≈**,,,,*****≈≈≈≈,≈≈,
*,∩,+*#*≈**∩^,,,,,,+,≈≈≈≈,≈≈≈
*,,,*,^***********,**,≈≈≈≈≈≈,
******,,,,,,,,,,,*,,**≈,,≈≈≈,
*******************,,,********


You could see an ice statue.

Vanquished Creatures
  2 sphinxes (D)
  A kraken (D)
  2 deep trolls (D)
  A yaktaur (D)
  3 polar bears (D)
  A hornet (D)
  2 wyverns (D)
  12 flying skulls (D)
  4 neqoxecs (D)
  Menkaure (D)
  A vampire mosquito (D)
  4 water moccasins (D)
  4 necrophages (D)
  2 worms (D)
  4 tentacles (D)
44 creatures vanquished.

Vanquished Creatures (others)
  27 tentacles (D)
27 creatures vanquished.

Grand Total: 71 creatures vanquished

Notes
Turn   | Place    | Note
-------+----------+-------------------------------------------
     0 | D        | manyhoops the Troll Berserker began the quest for the Orb.
     0 | D        | Reached XP level 1. HP: 22/22 MP: 0/0
    11 | D        | Reached skill level 4 in Unarmed Combat
    21 | D        | Noticed a neqoxec
    21 | D        | Noticed a neqoxec
    21 | D        | Noticed a neqoxec
    21 | D        | Noticed a neqoxec
    34 | D        | Gained mutation: You sometimes lose your temper in combat.
                  | [a neqoxec]
    37 | D        | Killed a neqoxec
    37 | D        | Reached ** piety under Trog
    38 | D        | Reached skill level 8 in Unarmed Combat
    38 | D        | Reached XP level 2. HP: 36/36 MP: 1/1
    38 | D        | Reached XP level 3. HP: 44/44 MP: 2/2
    38 | D        | Reached XP level 4. HP: 52/52 MP: 3/3
    38 | D        | Reached XP level 5. HP: 59/59 MP: 4/4
    39 | D        | Gained mutation: Your spells are a little easier to cast,
                  | but a little less powerful. [a neqoxec]
    41 | D        | Gained mutation: You heal very quickly. [a neqoxec]
    44 | D        | Killed a neqoxec
    45 | D        | Reached skill level 9 in Unarmed Combat
    45 | D        | Reached XP level 6. HP: 32/71 MP: 5/5
    49 | D        | Gained mutation: Your body sometimes deteriorates upon
                  | taking damage. [a neqoxec]
    52 | D        | Killed a neqoxec
    53 | D        | Reached skill level 11 in Unarmed Combat
    55 | D        | Gained mutation: You have hidden genetic defects. [a
                  | neqoxec]
    56 | D        | Killed a neqoxec
    56 | D        | Reached *** piety under Trog
    57 | D        | Reached XP level 7. HP: 25/81 MP: 6/6
    65 | D        | Gained mutation: You are weak. (Str -2) [hidden defects]
    76 | D        | Reached skill level 12 in Unarmed Combat
    84 | D        | Reached **** piety under Trog
    85 | D        | Reached skill level 13 in Unarmed Combat
    90 | D        | Noticed a wyvern
    90 | D        | Noticed a wyvern
    92 | D        | Gained mutation: You are dopey. (Int -2) [hidden defects]
    92 | D        | Lost mutation: You have hidden genetic defects. [hidden
                  | defects expressed]
    95 | D        | Killed a wyvern
    98 | D        | Killed a wyvern
    99 | D        | Reached skill level 14 in Unarmed Combat
    99 | D        | Reached XP level 8. HP: 93/93 MP: 7/7
   118 | D        | Found Aqakh's Distillery.
   118 | D        | Found Sootot's Distillery.
   118 | D        | Found Gakuwo's Distillery.
   118 | D        | Found Zionamov's Antique Armour Shoppe.
   118 | D        | Found Esmocum's Book Shoppe.
   118 | D        | Found Isonleciat's Jewellery Emporium.
   118 | D        | Found Ceghocok's Antique Weapon Shoppe.
   119 | D        | Found Idoyrot's Antique Armour Emporium.
   119 | D        | Found Kum Ryw's Antique Armour Shoppe.
   119 | D        | Found Nohihoku's Antique Weapon Shoppe.
   119 | D        | Noticed a cane toad
   120 | D        | Found Fiklunero's Jewellery Emporium.
   120 | D        | Noticed a cane toad
   121 | D        | Found Ihocunes's Magic Scroll Shoppe.
   121 | D        | Found Hoes's Armour Emporium.
   121 | D        | Noticed Menkaure
   121 | D        | Noticed an oklob plant
   122 | D        | Found Ypraun's Armour Shoppe.
   122 | D        | Found Watom's Book Shoppe.
   122 | D        | Noticed a polar bear
   122 | D        | Noticed a polar bear
   125 | D        | Bought a potion of might for 40 gold pieces
   126 | D        | Bought the +2 hat of the Bear Spirit {Spirit, *Rage Will++}
                  | for 872 gold pieces
   126 | D        | Found the +2 hat of the Bear Spirit {Spirit, *Rage Will++}
   132 | D        | Killed Menkaure
   141 | D        | Noticed a great orb of eyes
   158 | D        | Reached skill level 10 in Fighting
   161 | D        | Noticed a flying skull
   161 | D        | Noticed a flying skull
   161 | D        | Noticed a flying skull
   162 | D        | Noticed a flying skull
   163 | D        | Noticed a flying skull
   163 | D        | Noticed a flying skull
   163 | D        | Noticed a flying skull
   163 | D        | Noticed a flying skull
   163 | D        | Noticed a flying skull
   164 | D        | Noticed a flying skull
   164 | D        | Noticed a flying skull
   164 | D        | Noticed a flying skull
   172 | D        | Found a glowing silver altar of Zin.
   172 | D        | Found a radiant altar of Vehumet.
   173 | D        | Found a glowing golden altar of the Shining One.
   173 | D        | Found a basalt altar of Yredelemnul.
   173 | D        | Found a hide-covered altar of Uskayaw.
   173 | D        | Found a sparkling altar of Nemelex Xobeh.
   174 | D        | Found a shimmering altar of Xom.
   174 | D        | Found a bloodstained altar of Trog.
   174 | D        | Found a burning altar of Makhleb.
   175 | D        | Found an ornate altar of the Wu Jian Council.
   175 | D        | Found a shimmering blue altar of Sif Muna.
   175 | D        | Found a corrupted altar of Lugonu.
   175 | D        | Found a blossoming altar of Fedhas.
   175 | D        | Found an iron altar of Okawaru.
   175 | D        | Found an opulent altar of Gozag.
   176 | D        | Found a sacrificial altar of Ru.
   176 | D        | Found an ancient bone altar of Kikubaaqudgha.
   176 | D        | Found a white marble altar of Elyvilon.
   179 | D        | Found a stormy altar of Qazlal.
   179 | D        | Found a viscous altar of Jiyva.
   179 | D        | Found a shadowy altar of Dithmenos.
   180 | D        | Found a hazy altar of Hepliaklqana.
   180 | D        | Found a snail-covered altar of Cheibriados.
   183 | D        | Reached ***** piety under Trog
   184 | D        | Reached skill level 15 in Unarmed Combat
   190 | D        | Noticed a kraken
   206 | D        | Received a gift from Trog
   217 | D        | Noticed a flying skull
   251 | D        | Noticed a deep troll
   251 | D        | Noticed a deep troll
   255 | D        | Killed a deep troll
   256 | D        | Reached skill level 16 in Unarmed Combat
   256 | D        | Reached XP level 9. HP: 102/102 MP: 5/8
   257 | D        | Killed a deep troll
   258 | D        | Reached skill level 17 in Unarmed Combat
   308 | D        | Noticed a sphinx
   308 | D        | Noticed a sphinx
   313 | D        | Killed a sphinx
   314 | D        | Reached skill level 19 in Unarmed Combat
   318 | D        | Killed a sphinx
   319 | D        | Reached skill level 20 in Unarmed Combat
   319 | D        | Reached XP level 10. HP: 115/115 MP: 4/9
   564 | D        | Killed a kraken
   565 | D        | Reached skill level 21 in Unarmed Combat
   611 | D        | Bought a +0 cloak for 54 gold pieces
   614 | D        | Bought a potion of heal wounds for 50 gold pieces
   614 | D        | Bought 2 potions of flight for 60 gold pieces
   616 | D        | Bought a +6 ring of strength for 432 gold pieces
   636 | D        | Reached ****** piety under Trog
   643 | D        | Reached skill level 22 in Unarmed Combat
   643 | D        | Received a gift from Trog
   644 | D        | Reached XP level 11. HP: 124/124 MP: 6/10
   652 | D        | Received a gift from Trog
   665 | D        | HP: 4/124 [ice statue/shard of ice (28)]
   666 | D        | Succumbed to poison (dark miasma)

Illustrated notes

Levels and vault maps discovered:
D:        the_violet_keep_of_menkaure [sprint2_stairs_cluster_1,
          sprint2_shoproom, sprint2_temple, sprint2_basic_supplies,
          sprint2_obstacle_1, sprint2_obstacle_6, sprint2_obstacle_4,
          sprint2_obstacle_2, sprint2_obstacle_5, sprint2_timed_cluster_1,
          sprint2_smallroom_cluster_1, sprint2_smallroom_final_cluster_1,
          sprint2_transparent_cluster_1, sprint2_second_timed_cluster_1,
          sprint2_sniper_area_1, sprint2_heavy_combat_area_1,
          sprint2_mutation_trap_area_1, sprint2_forest_area_1,
          sprint2_light_combat_area_1, sprint2_behind_water_1,
          sprint2_near_end_vault_1]

Skill      XL: |  1  2  3  4  5  6  7  8  9 10 |
---------------+-------------------------------+-----
Fighting       | 6 7 8 9 10 11 12 | 12.5
Unarmed Combat | 8 9 11 14 16 20 22 | 22.7
Dodging        | |  2.4

Action                   |  1- 3 |  4- 6 |  7- 9 | 10-12 || total
-------------------------+-------+-------+-------+-------++-------
Melee: Unarmed           |    20 |    18 |    53 |    41 ||   132
       Punch             |       |       |     6 |     5 ||    11
Invok: Berserk           |     1 |       |     3 |     2 ||     6
       Trog's Hand       |       |       |     2 |     3 ||     5
  Use: Scroll            |       |       |       |     4 ||     4
Armor: Animal skin       |     1 |     1 |    12 |    14 ||    28
Dodge: Dodged            |     8 |    14 |    20 |    15 ||    57

Table legend: (Time is in decaauts)
 A = Elapsed time spent in this place.
 B = Non-inter-level travel time spent in this place.
 C = Inter-level travel time spent in this place.
 D = Time resting spent in this place.
 E = Time spent auto-exploring this place.
 F = Levels seen in this place.
 G = Mean time per level.
                   A        B        C        D        E       F      G
               +--------+--------+--------+--------+--------+-----+--------+
         Total |    739 |    739 |      0 |     61 |     91 |   1 |  739.0 |
       Dungeon |    739 |    739 |      0 |     61 |     91 |   1 |  739.0 |
               +--------+--------+--------+--------+--------+-----+--------+

Top non-repeatable levels by time:
       D: 739 daAuts
